 Dungeon Crawl Stone Soup version 0.21.0 (webtiles) character file.

370 Gorglomux the Firebug (level 6, -3/45 HPs)
             Began as a Draconian Fire Elementalist on Jan 6, 2018.
             Killed by divine providence
             ... invoked by an orc priest
              (15 damage)
             ... on level 4 of the Dungeon.
             The game lasted 00:08:51 (2712 turns).

Gorglomux the Firebug (Draconian Fire Elementalist) Turns: 2712, Time: 00:08:52

Health: -3/45      AC:  9    Str: 10    XL:     6   Next: 42%
Magic:  6/11       EV: 12    Int: 22    God:
Gold:   94         SH:  0    Dex: 12    Spells: 8/12 levels left

rFire    . . .     SeeInvis .   e - +1 hunting sling
rCold    . . .     Gourm    .   (no shield)
rNeg     . . .     Faith    .   (armour unavailable)
rPois    .         Spirit   .   c - +2 hat
rElec    .         Reflect  .   (no cloak)
rCorr    .         Harm     .   i - +0 pair of gloves (curse)
MR       .....                  (no boots)
Stlth    ++........             (no amulet)
HPRegen  0.15/turn              (no ring)
MPRegen  0.12/turn              (no ring)

@: brilliant
A: unfitting armour, cold-blooded, AC +6
a: no special abilities


You were on level 4 of the Dungeon.
You were not hungry.

You visited 1 branch of the dungeon, and saw 4 of its levels.

You collected 94 gold pieces.

Inventory:

Hand Weapons
 e - a +1 hunting sling (weapon)
Missiles
 f - 36 stones
 n - 20 sling bullets (quivered)
Armour
 c - a +2 hat (worn)
 i - a cursed +0 pair of gloves (worn)
 r - a +2 pair of gloves
Jewellery
 I - an uncursed ring of wizardry {unknown}
Wands
 D - a wand of digging (13)
Scrolls
 g - a scroll of identify {unknown}
 j - 4 scrolls of amnesia
 m - a scroll of enchant armour {unknown}
 o - a scroll of enchant weapon
 s - a scroll of immolation {unknown}
 t - a scroll of remove curse {unknown}
 E - a scroll of blinking {unknown}
 G - a scroll of teleportation {unknown}
Potions
 h - 3 potions of brilliance
 k - a potion of curing
 p - a potion of degeneration {unknown}
 F - a potion of heal wounds {unknown}
 H - a potion of lignification {unknown}
Books
 a - a book of Flames

   Spells                             Type                      Level
   a - Flame Tongue                   Conjuration/Fire             1
   b - Throw Flame                    Conjuration/Fire             2
   c - Conjure Flame                  Conjuration/Fire             3
   d - Inner Flame                    Hexes/Fire                   3
   e - Sticky Flame                   Conjuration/Fire             4
   f - Fireball                       Conjuration/Fire             5
Comestibles
 b - 5 rations


   Skills:
 - Level 1.7 Dodging
 - Level 1.7 Stealth
 + Level 3.9 Spellcasting
 + Level 3.8 Conjurations
 + Level 4.8 Fire Magic


You had 8 spell levels left.
You knew the following spells:

 Your Spells              Type           Power        Failure   Level  Hunger
a - Flame Tongue          Conj/Fire      #####        1%          1    None
j - Conjure Flame         Conj/Fire      #####...     1%          3    ###....


Dungeon Overview and Level Annotations

Branches:
Dungeon (4/15)
 Temple: D:4-7

Altars:
Ashenzari
Cheibriados
Trog


Innate Abilities, Weirdness & Mutations

Your plain brown scales are hard. (AC +6)
You cannot fit into any form of body armour.
You are cold-blooded and may be slowed by cold attacks.


Message History

The flame tongue hits the orc priest!
The orc priest is almost dead!
Butt which item? (* to show all) (? for menu, Esc to quit)
Okay, then!
It was a potion of butt!
You feel clever all of a sudden!
Unknown command!
Casting: Flame Tongue
Confirm with ! or Enter, or press ? or * to list all spells!
Aiming: Flame Tongue
Press: ? - help, Shift-Butt - straight line, f/p - orc priest
Aim: an orc priest, wielding a mace and wearing a leather armour (almost dead)
The flame tongue hits the orc wizard!
The orc wizard is almost dead!
The orc wizard casts a spell at you!
The magic dart hits you!!! * * * don't die
* * * The orc priest invokes the aid of Beogh against you!
Beogh smites you!!! rip

##.# ##.##
#####..>######
.#............#
..........###.#
.#.##.....###.#######
# ##...............
##.#####.########
#.......@oooo...
........########
##########


You could see an orc priest, 2 orc wizards and an orc.

Vanquished Creatures
  Sigmund (D:3)
  Jessica (D:3)
  Natasha (thrice) (D:3)
  4 adders
  An ooze (D:3)
  3 worms
  2 dart slugs (D:2)
  4 leopard geckos
  5 orcs (D:3)
  6 bats
  2 giant cockroaches
  7 goblins
  5 hobgoblins
  2 jackals
  5 kobolds
  4 frilled lizards
  5 rats
60 creatures vanquished.

Notes
Turn   | Place    | Note
-------+----------+-------------------------------------------
     0 | D:1      | Gorglomux the Draconian Fire Elementalist began the quest for the Orb.
     0 | D:1      | Reached XP level 1. HP: 14/14 MP: 3/3
   215 | D:2      | Reached XP level 2. HP: 20/20 MP: 3/5
   586 | D:2      | Found a snail-covered altar of Cheibriados.
   623 | D:2      | Reached XP level 3. HP: 21/26 MP: 2/6
   746 | D:2      | Found a shattered altar of Ashenzari.
  1074 | D:2      | Found a bloodstained altar of Trog.
  1245 | D:3      | Noticed Natasha
  1286 | D:2      | Learned a level 3 spell: Conjure Flame
  1410 | D:3      | Reached XP level 4. HP: 21/33 MP: 6/8
  1946 | D:3      | Reached skill level 3 in Spellcasting
  2045 | D:3      | Noticed Jessica
  2048 | D:3      | Killed Jessica
  2048 | D:3      | Reached skill level 4 in Fire Magic
  2131 | D:3      | Reached XP level 5. HP: 38/38 MP: 6/9
  2156 | D:3      | Noticed Sigmund
  2330 | D:3      | Killed Sigmund
  2330 | D:3      | Reached skill level 3 in Conjurations
  2330 | D:3      | Reached XP level 6. HP: 24/45 MP: 2/11
  2370 | D:3      | Killed Natasha
  2522 | D:3      | Noticed Natasha
  2534 | D:3      | Killed Natasha
  2568 | D:3      | Noticed Natasha
  2581 | D:3      | Killed Natasha
  2712 | D:4      | Killed from afar by an orc priest

Skill      XL: |  1  2  3  4  5 |
---------------+----------------+-----
Conjurations   | 2 3 |  3.8
Spellcasting   | 3 |  3.9
Fire Magic     | 4 |  4.8
Dodging        | |  1.7
Stealth        | |  1.7

Action                   |  1- 3 |  4- 6 || total
-------------------------+-------+-------++-------
Melee: Unarmed           |     8 |     2 ||    10
       Tailslap          |     3 |       ||     3
 Fire: Hunting sling     |    61 |   104 ||   165
 Cast: Flame Tongue      |    31 |    41 ||    72
  Use: Scroll            |       |     2 ||     2
       Potion            |       |     1 ||     1
  Eat: Chunk             |     2 |     4 ||     6
Armor: Skin              |    16 |    22 ||    38
Dodge: Dodged            |    25 |    21 ||    46
